 Dungeon Crawl Stone Soup version 0.26-a0-670-g578ab304f5 (webtiles) character file.

Game seed: 6330199947097266821

907 Kinoniko the Skirmisher (level 8, -3/88 HPs)
             Began as an Ogre Fighter on Oct 19, 2020.
             Was a Follower of Okawaru.
             Slain by a phantom (7 damage)
             ... on level 6 of the Dungeon.
             The game lasted 00:07:01 (6260 turns).

Kinoniko the Skirmisher (Ogre Fighter)              Turns: 6260, Time: 00:07:02

Health: -3/88      AC:  3    Str: 22 (23) XL:     8   Next: 8%
Magic:  6/8        EV: 12    Int:  9      God:    Okawaru [*.....]
Gold:   257        SH:  0    Dex:  8      Spells: 7/7 levels left

rFire    . . .     SeeInvis .   a - +1 trident
rCold    + . .     Faith    .   (no shield)
rNeg     . . .     Spirit   .   b - +0 robe
rPois    .         Reflect  .   (helmet restricted)
rElec    .         Harm     .   (no cloak)
rCorr    .         Rampage  .   (gloves unavailable)
MR       .....                  (boots unavailable)
Stlth    ++........             (no amulet)
HPRegen  0.24/turn              f - ring of protection from cold
MPRegen  0.11/turn              p - ring of wizardry

@: brilliant, heroism, flying
A: large, unfitting armour, deterioration 1, mutation resistance 1, tough skin 1
a: Heroism, Renounce Religion


You were on level 6 of the Dungeon.
You worshipped Okawaru.
Okawaru was aware of your devotion.
You visited 1 branch of the dungeon, and saw 6 of its levels.

You collected 257 gold pieces.

Inventory:

Hand Weapons
 a - a +1 trident (weapon)
Armour
 b - a +0 robe (worn)
 c - a +1 kite shield
Jewellery
 f - a ring of protection from cold (left hand)
 p - a ring of wizardry (right hand)
Wands
 d - a wand of polymorph (6)
 r - a wand of random effects (26)
Scrolls
 g - a scroll of enchant armour
 j - 2 scrolls of identify
 q - 2 scrolls of magic mapping
 t - a scroll of remove curse
Potions
 e - a potion of flight
 h - 3 potions of lignification
 i - 2 potions of mutation
 u - a potion of brilliance


   Skills:
 + Level 7.9(12.9) Fighting
 * Level 7.5(12.5) Polearms
 - Level 2.6(7.6) Dodging
 - Level 2.6(7.6) Shields


You had 7 spell levels left.
You didn't know any spells.
Your spell library was empty.

Dungeon Overview and Level Annotations

Branches:
Dungeon (6/15)
 Temple: D:4-7

Altars:
Elyvilon
Fedhas
Gozag
Okawaru
Sif Muna
Trog
Zin
The Shining One

Annotations:
D:6 1 runed translucent door, Crazy Yiuf


Innate Abilities, Weirdness & Mutations

You are too large for most types of armour.
You have tough skin. (AC +1)
Your body sometimes deteriorates upon taking damage.
You are somewhat resistant to further mutation.


Message History

The phantom barely misses you.
It was a potion of brilliance.
You feel clever all of a sudden. The orc warrior barely misses you.
The orc warrior drinks a potion.
The orc warrior goes berserk!
The phantom blinks!
You hit the orc warrior but do no damage.
The orc warrior is lightly wounded.
The orc warrior hits you with a +0 flail!
* * * LOW HITPOINT WARNING * * *
The phantom misses you.
You hear a shout!
You hit the orc warrior.
The orc warrior is lightly wounded.
You impale the orc warrior!!
The orc warrior is severely wounded.
The orc warrior hits you with a +0 flail!!
* * * LOW HITPOINT WARNING * * *
Your body deteriorates!
You feel weakened. The phantom hits you!
You die...

.....#.#....)........##...#
o... #.#.............###.##
..####'#.............# #.#
..#..................###.#
..#.......##.............#
..#.......################
..#.......'..# #.......#
.o#)...o..##o####W#####.#
.o)(..{#...(o.oo@.....#.#
..######...#o#####.#.##.#
..# #..†#.#.....#.##.# +##
##...#.#.#.....##.#
#....#.#.#.######.#
#....#.#.#.# ####.#
#._..#.#.#.###....########
#....#.#.#....<.#........#
....###.#.######.#.######.#


You could see a phantom, 2 orc warriors, an orc priest and 2 orcs.

Vanquished Creatures
  Sigmund (D:4)
  Eustachio (D:5)
  A black bear (D:5)
  2 ogres
  A centaur (D:5)
  An orc priest (D:5)
  An iguana (D:5)
  2 worker ants (D:4)
  8 adders
  A white imp (D:5)
  An ufetubus (D:6)
  An ooze (D:2)
  An adder skeleton (D:3)
  3 worms
  4 dart slugs
  5 orcs
  3 ball pythons
  5 giant cockroaches (D:1)
  5 goblins
  3 hobgoblins
  4 jackals (D:4)
  6 bats
  A frilled lizard (D:2)
  4 kobolds
  6 rats
71 creatures vanquished.

Notes
Turn   | Place    | Note
-------+----------+-------------------------------------------
     0 | D:1      | Kinoniko the Ogre Fighter began the quest for the Orb.
     0 | D:1      | Reached XP level 1. HP: 24/24 MP: 1/1
   275 | D:1      | Reached XP level 2. HP: 32/32 MP: 2/2
   341 | D:1      | You fall into a shaft and drop 1 floor!
  1160 | D:2      | Reached XP level 3. HP: 40/40 MP: 3/3
  1406 | D:2      | Reached XP level 4. HP: 37/49 MP: 4/4
  1537 | D:2      | Reached skill level 5 in Fighting
  1548 | D:2      | Found a white marble altar of Elyvilon.
  1740 | D:2      | Found a glowing silver altar of Zin.
  2439 | D:3      | Found an opulent altar of Gozag.
  2653 | D:3      | Found a shimmering blue altar of Sif Muna.
  2951 | D:3      | Found a glowing golden altar of the Shining One.
  3055 | D:4      | Reached XP level 5. HP: 57/57 MP: 5/5
  3204 | D:4      | Noticed Sigmund
  3238 | D:4      | Killed Sigmund
  3238 | D:4      | Reached skill level 5 in Polearms
  3238 | D:4      | Reached XP level 6. HP: 67/67 MP: 6/6
  4031 | D:4      | Found an iron altar of Okawaru.
  4452 | D:4      | Became a worshipper of Warmaster Okawaru
  4606 | D:5      | Entered Level 5 of the Dungeon
  4709 | D:5      | Reached XP level 7. HP: 61/76 MP: 7/7
  5324 | D:5      | Noticed Eustachio
  5355 | D:5      | Killed Eustachio
  5355 | D:5      | Reached * piety under Okawaru
  5739 | D:5      | Found a blossoming altar of Fedhas.
  6075 | D:6      | Found a bloodstained altar of Trog.
  6139 | D:6      | Reached XP level 8. HP: 88/88 MP: 8/8
  6163 | D:6      | Found a runed translucent door.
  6164 | D:6      | Noticed Crazy Yiuf
  6256 | D:6      | Gained mutation: Your body sometimes deteriorates upon
                  | taking damage. [potion of mutation]
  6256 | D:6      | Gained mutation: You are somewhat resistant to further
                  | mutation. [potion of mutation]
  6260 | D:6      | HP: 4/88 [orc warrior/+0 flail (20)]
  6260 | D:6      | Slain by a phantom

Illustrated notes

Levels and vault maps discovered:
D:1:      nagdon_arrival_double_spiral, layout_basic
D:2:      layout_loops_corners, elyvilon_altar_3, zin_treasury,
          due_unseen_surprise
D:3:      layout_rooms, nicolae_gozag_seed_capital, tso_oasis_becter,
          lemuel_blue_sif_altar
D:4:      layout_basic, lemuel_coloured_pillars_altar, uniq_sigmund
D:5:      layout_basic, fedhas_altar_4, uniq_eustachio
D:6:      layout_basic, grunt_temple_overflow_lords_of_destruction,
          nemelex_xobeh_ov_fountains_minmay, kennysheep_mini, serial_shops,
          nicolae_shop_temple_entry_statues_fountains, bloody_trog,
          uniq_blork_the_orc, uniq_grinder, uniq_crazy_yiuf_cottage

Skill      XL: |  1  2  3  4  5  6  7 |
---------------+----------------------+-----
Polearms       | 3 4 5 6 7 |  7.5
Fighting       | 5 6 7 |  7.9
Dodging        | |  2.6
Shields        | |  2.6

Action                   |  1- 3 |  4- 6 |  7- 9 || total
-------------------------+-------+-------+-------++-------
Melee: Trident           |    85 |   127 |   107 ||   319
Invok: Heroism           |       |       |     1 ||     1
  Use: Scroll            |       |    11 |       ||    11
       Potion            |       |     5 |     4 ||     9
 Stab: Sleeping          |     2 |       |       ||     2
Armor: Robe              |    18 |    12 |    15 ||    45
       Skin              |       |    10 |       ||    10
Dodge: Dodged            |    33 |    41 |    51 ||   125

Table legend: (Time is in decaauts)
 A = Elapsed time spent in this place.
 B = Non-inter-level travel time spent in this place.
 C = Inter-level travel time spent in this place.
 D = Time resting spent in this place.
 E = Time spent auto-exploring this place.
 F = Levels seen in this place.
 G = Mean time per level.
                   A        B        C        D        E       F      G
               +--------+--------+--------+--------+--------+-----+--------+
         Total |   6273 |   6120 |    153 |   2007 |   3500 |   6 | 1045.5 |
       Dungeon |   6273 |   6120 |    153 |   2007 |   3500 |   6 | 1045.5 |
               +--------+--------+--------+--------+--------+-----+--------+

Top non-repeatable levels by time:
     D:4: 1585 daAuts
     D:2: 1432 daAuts
     D:5: 1364 daAuts
     D:1: 984 daAuts
     D:3: 624 daAuts
     D:6: 283 daAuts
